[Event "*** MasterClass Titled Tuesday Blitz"]
[Site "Chess.com"]
[Date "2017.09.05"]
[Round "10"]
[White "kleinebeer98"]
[Black "Sebastian"]
[Result "0-1"]
[WhiteElo "2490"]
[BlackElo "2811"]
[TimeControl "180+2"]
[EndTime "15:23:05 PDT"]
[Termination "Sebastian won by resignation"]

1. e4 c5 2. Nf3 d6 3. d4 cxd4 4. Nxd4 Nf6 5. Nc3 a6 6. Be3 e5 7. Nb3 Be6 8. f3 h5 9. Nd5 Bxd5 10. exd5 Nbd7 11. Qd2 Qc7 12. Be2 Nb6 13. c4 Nxc4 14.
Bxc4 Qxc4 15. Rd1 Be7 16. Na5 Qb5 17. a4 Qxa4 18. Nxb7 O-O 19. O-O Rac8 20. Rc1 Qb5 21. Na5 Nxd5 22. Bf2 Nf4 23. Kh1 Nd3 24. Rcd1 Nb4 25.
Nb3 Rc2 26. Qe3 Rxb2 27. Nd4 exd4 28. Qxe7 Qe5 29. Qh4 Nc2 30. Rd2 Rfb8 31. h3 Ne3 32. Rxb2 Rxb2 33. Rc1 Kh7 34. Bg3 Qf5 35. Bxd6 Nxg2 36.
Qg3 Ne3 37. Be5 Rg2 0-1

[Event "*** MasterClass Titled Tuesday Blitz"]
[Site "Chess.com"]
[Date "2017.09.05"]
[Round "10"]
[White "Robin-Side"]
[Black "Darkbluelord"]
[Result "1-0"]
[WhiteElo "2281"]
[BlackElo "2124"]
[TimeControl "180+2"]
[EndTime "15:23:22 PDT"]
[Termination "Robin-Side won by resignation"]

1. e4 c5 2. Nf3 d6 3. d4 cxd4 4. Nxd4 Nf6 5. Nc3 g6 6. Be2 Bg7 7. O-O O-O 8. Bg5 Nc6 9. Nb3 Bd7 10. Re1 Rc8 11. Bf1 Ne5 12. Nd5 Nxd5 13. exd5 Bf5 14. c3 Re8 15. h3 Nc4 16. Qe2 Rc7 17.
Rad1 h6 18. Bc1 Kh7 19. Nd4 Bc8 20. h4 a6 21. h5 Nb6 22. hxg6+ fxg6 23. Ne6 Bxe6 24.
Qxe6 Qc8 25. Qe4 Qf5 26. Qxf5 gxf5 27. Bd3 Rf8 28. g4 Nd7 29. Bxf5+ Kh8 30. Rxe7 Bf6 31.
Rxd7 Rxd7 32. Bxd7 Rg8 33. Bxh6 Be5 34. Kg2 Rg6 35.
Rh1 Kg8 36. Be6+ 1-0

[Event "*** MasterClass Titled Tuesday Blitz"]
[Site "Chess.com"]
[Date "2017.09.05"]
[Round "10"]
[White "chesstatour"]
[Black "Mistheoretical"]
[Result "1-0"]
[WhiteElo "2081"]
[BlackElo "2195"]
[TimeControl "180+2"]
[EndTime "15:23:27 PDT"]
[Termination "chesstatour won on time"]

1. c4 e5 2. Nc3 Nc6 3. Nf3 Nf6 4. d4 exd4 5. Nxd4 Bb4 6. g3 O-O 7. Bg2 Ne5 8. Qb3 a5 9. O-O d6 10. Bg5 h6 11. Bxf6 Qxf6 12. Nd5 Qd8 13. Nxb4 axb4 14. Nc2 Be6 15. Bd5 c5 16. Rad1 Qe7 17. Ne3 Ra6 18.
f4 Nc6 19. f5 Bd7 20. f6 Qe5 21. fxg7 1-0

[Event "*** MasterClass Titled Tuesday Blitz"]
[Site "Chess.com"]
[Date "2017.09.05"]
[Round "10"]
[White "VladDobrov"]
[Black "livestrong04"]
[Result "1-0"]
[WhiteElo "2602"]
[BlackElo "2351"]
[TimeControl "180+2"]
[EndTime "15:23:36 PDT"]
[Termination "VladDobrov won by resignation"]

1. e4 c5 2. a3 e6 3. b4 cxb4 4. axb4 d5 5. exd5 Nf6 6. dxe6 Bxe6 7. Nf3 Bxb4 8. Bb5+ Nc6 9. Ba3 Bxa3 10. Bxc6+ bxc6 11. Rxa3 O-O 12. O-O h6 13. h3 Re8 14. Nc3 Qd6 15.
Ra5 Nd5 16. Qa1 Nb4 17. Ne4 Qf4 18. Ng3 Nxc2 19. Qxg7+ Kxg7 20. Nh5+ Kf8 21. Nxf4 Nb4 22. Rfa1 Nc2 23. Rc1 Bb3 24. Rc5 a5 25. R5xc2 Bxc2 26. Rxc2 a4 27. Ra2 a3 28. Nd3 Reb8 29. Nfe5 Rb3 30. Nd7+ Ke7 31. N7c5 Rb1+ 32. Kh2 Kd6 33.
Ne4+ Kc7 34. Nc3 Rb3 35. Kg3 Rd8 36. Nc5 Rb2 37. Rxa3 Rdxd2 38. N3e4 Rdc2 39. Ra7+ Kb6 40. Rxf7 Ra2 41. Rb7+ Ka5 42. Nb3+ Ka6 43. Nec5+ 1-0

[Event "*** MasterClass Titled Tuesday Blitz"]
[Site "Chess.com"]
[Date "2017.09.05"]
[Round "10"]
[White "RitvarsReimanis"]
[Black "jlandaw"]
[Result "0-1"]
[WhiteElo "2440"]
[BlackElo "2411"]
[TimeControl "180+2"]
[EndTime "15:24:00 PDT"]
[Termination "jlandaw won by resignation"]

1. d4 Nf6 2. c4 e6 3. Nc3 Bb4 4. Qc2 O-O 5. Nf3 b6 6. e4 Bxc3+ 7. bxc3 d6 8. Bd3 e5 9. dxe5 dxe5 10. Nxe5 Re8 11. f4 Bb7 12. O-O Na6 13. Ba3 Re6 14. Rad1 Qe8 15. Rfe1 Rxe5 16. fxe5 Qxe5 17. h3 Re8 18.
Qf2 Nxe4 19. Bxe4 Bxe4 20. c5 Nxc5 21. Bxc5 bxc5 22. c4 f5 23. Rd5 Qc3 24. Rxc5 Re6 25. Re3 Qa1+ 26. Re1 Qc3 27. Rxc7 h6 28. Re3 Qa1+ 29.
Qe1 Qd4 30. Kh1 Bxg2+ 31. Kxg2 Rxe3 32. Qf2 Qe4+ 33. Kf1 Rf3 34. Rc8+ Kh7 35. Rd8 Rxf2+ 36. Kxf2 Qh4+ 0-1

[Event "*** MasterClass Titled Tuesday Blitz"]
[Site "Chess.com"]
[Date "2017.09.05"]
[Round "10"]
[White "temiksmozg"]
[Black "Blitzstream"]
[Result "1-0"]
[WhiteElo "2460"]
[BlackElo "2484"]
[TimeControl "180+2"]
[EndTime "15:24:04 PDT"]
[Termination "temiksmozg won by checkmate"]

1. d4 d5 2. c4 c6 3. Nf3 Nf6 4. e3 e6 5. b3 Nbd7 6. Bb2 Bd6 7. Bd3 O-O 8. O-O Qe7 9. Nbd2 e5 10.
e4 dxe4 11. Nxe4 Nxe4 12. Bxe4 f5 13. dxe5 Nxe5 14. Bxe5 Bxe5 15. Bd5+ Kh8 16. Re1 cxd5 17. Rxe5 Qf6 18. Qxd5 f4 19. Rae1 Bg4 20. Qxb7 a5 21.
h3 Bf5 22. Nd4 Bg6 23. Qe7 Qb6 24. Qc5 Qf6 25. Re6 Qh4 26. Re7 Rg8 27. Qe5 a4 28.
b4 f3 29. Nxf3 Qxc4 30. a3 Raf8 31. Kh2 Qa2 32. Qe3 Qb2 33. Re2 Qa1 34. Rd2 Rc8 35.
Ne5 Rc1 36. Rd4 Rh1+ 37. Kg3 Bc2 38. Nf7# 1-0

[Event "*** MasterClass Titled Tuesday Blitz"]
[Site "Chess.com"]
[Date "2017.09.05"]
[Round "10"]
[White "popov_m"]
[Black "abubakrtagelsir"]
[Result "1-0"]
[WhiteElo "2472"]
[BlackElo "2241"]
[TimeControl "180+2"]
[EndTime "15:24:11 PDT"]
[Termination "popov_m won on time"]

1. d4 d5 2. Bf4 Nf6 3. e3 c5 4.
Nf3 Nc6 5. Nbd2 Qb6 6. dxc5 Qxb2 7. Rb1 Qa3 8. Bb5 Qa5 9. O-O Bg4 10. c4 e6 11. Ba4 Qa6 12. Bb5 Qa5 13. Nb3 Qd8 14. Nbd4 Qc8 15. Ba4 Bxf3 16. Qxf3 Nd7 17. cxd5 Nxd4 18.
exd4 Be7 19. dxe6 fxe6 20. Rxb7 O-O 21. Rxd7 Qa6 22. Rxe7 Qxa4 23. Qg3 Rf7 24. Rxf7 Kxf7 25.
Be5 g6 26. Qf3+ 1-0

[Event "*** MasterClass Titled Tuesday Blitz"]
[Site "Chess.com"]
[Date "2017.09.05"]
[Round "10"]
[White "nickmatta"]
[Black "Noukii"]
[Result "0-1"]
[WhiteElo "2340"]
[BlackElo "2663"]
[TimeControl "180+2"]
[EndTime "15:24:27 PDT"]
[Termination "Noukii won by resignation"]

1. d4 d5 2. c4 c6 3. Nf3 Nf6 4.
Qc2 dxc4 5. Qxc4 Bg4 6. Nbd2 e6 7. g3 Be7 8. Bg2 O-O 9. O-O Nbd7 10. b3 a5 11. a3 Rc8 12. Bb2 b5 13. Qd3 Bf5 14. e4 Nc5 15. Qe2 Ncxe4 16. Rac1 Nxd2 17. Qxd2 Be4 18. Ne5 Bxg2 19. Kxg2 Qd5+ 20. Kg1 Nd7 21. Nxd7 Qxd7 22. Qxa5 Ra8 23. Qb6 Bxa3 24. Bxa3 Rxa3 25.
Rxc6 Rxb3 26. Rfc1 Rd3 27. Rd6 Qe7 28. Rc7 Qf6 29. Qxb5 Rd2 30. Qf1 Rxd4 31. Rxd4 Qxd4 32. Qc1 Qd8 33. Qc6 h5 34. h4 Qb8 35. Qd7 Qb1+ 36.
Kg2 Qe4+ 37. Kg1 Qa8 38. Ra7 Qf3 39. Rc7 Kh7 40. Rc8 Rxc8 41. Qxc8 e5 42. Qc2+ e4 43.
Qd2 f5 44. Qg5 Qg4 45. Qd2 f4 46. Qxf4 Qxf4 47. gxf4 Kg6 48. Kg2 Kf5 49. Kg3 g6 50. f3 e3 51. Kg2 Kxf4 0-1

[Event "*** MasterClass Titled Tuesday Blitz"]
[Site "Chess.com"]
[Date "2017.09.05"]
[Round "10"]
[White "GMKrikor"]
[Black "wonderfultime"]
[Result "1-0"]
[WhiteElo "2607"]
[BlackElo "2660"]
[TimeControl "180+2"]
[EndTime "15:24:38 PDT"]
[Termination "GMKrikor won by checkmate"]

1. e4 c5 2. Nf3 d6 3. d4 cxd4 4. Nxd4 Nf6 5. Nc3 g6 6. Be3 Bg7 7. f3 O-O 8. Qd2 Nc6 9. Bc4 Bd7 10. O-O-O Rc8 11. Bb3 Nxd4 12. Bxd4 b5 13. a3 a5 14. Kb1 Bc6 15. Rhe1 Rb8 16. Nd5 Bxd5 17. exd5 Qc7 18. g4 Rfc8 19. h4 Ne8 20. c3 Bxd4 21. Qxd4 Rb7 22.
h5 Qc5 23. Qd2 Nf6 24. hxg6 fxg6 25. Rh1 Rf8 26. Rde1 Rf7 27. Re6 b4 28. cxb4 axb4 29. a4 Qb6 30. Bc2 b3 31. Bxg6 hxg6 32. Qh6 Rg7 33. g5 Ne8 34. Rxg6 Qd4 35. Rxg7+ Nxg7 36. g6 Qxd5 37. Qh8# 1-0

[Event "*** MasterClass Titled Tuesday Blitz"]
[Site "Chess.com"]
[Date "2017.09.05"]
[Round "10"]
[White "nihalsarin"]
[Black "manubibi"]
[Result "1-0"]
[WhiteElo "2628"]
[BlackElo "2435"]
[TimeControl "180+2"]
[EndTime "15:24:38 PDT"]
[Termination "nihalsarin won by resignation"]

1. e4 c5 2. Nf3 d6 3. b3 Nf6 4. e5 dxe5 5. Nxe5 Nbd7 6. Bb2 Nxe5 7. Bxe5 e6 8. Be2 Bd6 9. Bb2 O-O 10. O-O Qc7 11.
h3 Bh2+ 12. Kh1 Be5 13. Nc3 a6 14. a4 Bd7 15. Bf3 Bc6 16. Re1 Bd4 17. Kg1 Rad8 18. d3 Qg3 19. Ne4 Bxe4 20. Bxd4 Bxf3 21. fxg3 Bxd1 22.
Bxf6 Bxc2 23. Bxd8 Rxd8 24. Ra3 Rxd3 25. Rc1 Rxb3 26.
Rxb3 Bxb3 27. Rxc5 Kf8 28. a5 Bd5 29. Rc7 Bc6 30.
Kf2 g5 31. g4 Kg7 32. g3 Kg6 33. Ke3 h6 34. h4 h5 35. gxh5+ Kxh5 36. Rxf7 gxh4 37.
Rh7+ Kg6 38. Rxh4 Kg5 39. Rb4 e5 40. Rc4 Kf5 41. Rc5 Kg4 42. Rxe5 Kxg3 43. Rg5+ Kh4 44.
Rg7 Kh5 45. Kd4 Kh6 46. Rc7 Kg6 47. Kc5 Bf3 48. Kb6 Kf6 49. Rxb7 Be2 50. Ra7 Ke6 51. Rxa6 Kd6 52. Ra8 Bf3 53. Rd8+ Ke7 54. Rd2 1-0

[Event "*** MasterClass Titled Tuesday Blitz"]
[Site "Chess.com"]
[Date "2017.09.05"]
[Round "10"]
[White "Bad4life"]
[Black "pawnwonder"]
[Result "1-0"]
[WhiteElo "2165"]
[BlackElo "1991"]
[TimeControl "180+2"]
[EndTime "15:24:44 PDT"]
[Termination "Bad4life won by checkmate"]

1. e4 c5 2. Nf3 Nc6 3. Bb5 g6 4. Bxc6 bxc6 5. O-O Bg7 6. Re1 Nh6 7. c3 O-O 8. h3 d6 9. d4 cxd4 10. cxd4 Rb8 11.
Nc3 f5 12. e5 dxe5 13. dxe5 e6 14. Qa4 Qb6 15. Qh4 Nf7 16. Be3 Qd8 17. Qg3 Rxb2 18. Rad1 Qa5 19. Rc1 Nxe5 20. Bf4 Nxf3+ 21. Qxf3 e5 22.
Bg5 e4 23. Qg3 Bd4 24. Ne2 Be5 25. Nf4 Rxa2 26. Bh6 Rf7 27. Red1 Qb6 28. Kh1 Bd7 29. Qh4 Bxf4 30. Qxf4 Rxf2 31. Qe5 Rb2 32. Rxd7 Rb1 33. Qe8+ Rf8 34. Qxf8# 1-0

[Event "*** MasterClass Titled Tuesday Blitz"]
[Site "Chess.com"]
[Date "2017.09.05"]
[Round "10"]
[White "Fianchettoed-Tower"]
[Black "Rodalquilar"]
[Result "0-1"]
[WhiteElo "2378"]
[BlackElo "2503"]
[TimeControl "180+2"]
[EndTime "15:24:51 PDT"]
[Termination "Rodalquilar won by resignation"]

1. d4 Nf6 2. Bf4 c5 3. d5 d6 4. Nc3 e5 5. Bd2 b5 6. Nxb5 Nxd5 7. e4 Nc7 8. Nf3 Nxb5 9. Bxb5+ Bd7 10. Bxd7+ Qxd7 11.
O-O Be7 12. Bc3 O-O 13. Nd2 f5 14. Nc4 Qe6 15. Qd5 Qxd5 16. exd5 Nd7 17. Ba5 Rfc8 18. a4 Rab8 19. b3 Nb6 20. Bxb6 axb6 21. Na3 Kf7 22.
c4 Ke8 23. Nb5 Kd7 24. a5 bxa5 25. Rxa5 Rb7 26. Rfa1 Rcb8 27. f3 g5 28. Kf2 h5 29.
Ra6 g4 30. Rc6 Bh4+ 31. g3 Be7 32. Raa6 f4 33. Nxd6 Rxb3 34. Ra7+ Kd8 35. Nf7+ Ke8 36. Nxe5 Rb2+ 37. Ke1 Rxh2 38. Rxe7+ Kxe7 39. Re6+ Kd8 40. Nc6+ Kc7 41. Nxb8 fxg3 42. Na6+ Kd8 43. Rd6+ Ke7 44. Rg6 Rh1+ 45. Ke2 g2 46. d6+ Kf7 47. d7 g1=Q 48.
d8=Q Qf1+ 49. Kd2 Qd1+ 50. Ke3 0-1

[Event "*** MasterClass Titled Tuesday Blitz"]
[Site "Chess.com"]
[Date "2017.09.05"]
[Round "10"]
[White "Scott-fox21"]
[Black "AbdAlAgathos"]
[Result "0-1"]
[WhiteElo "2183"]
[BlackElo "2360"]
[TimeControl "180+2"]
[EndTime "15:24:54 PDT"]
[Termination "AbdAlAgathos won by resignation"]

1. d4 Nf6 2. c4 g6 3. Nc3 d5 4.
cxd5 Nxd5 5. Bd2 Nb6 6. e3 Bg7 7. f4 O-O 8. Nf3 N8d7 9. Be2 c5 10. dxc5 Nxc5 11. O-O Nd3 12. Qc2 Nb4 13. Qb3 a5 14.
a3 Be6 15. Qd1 Nd3 16. Qc2 Bc4 17. Rad1 Nxb2 18. Rb1 Bxe2 19. Nxe2 Rc8 20. Qb3 N2c4 21. Bxa5 Nxa5 22. Qxb6 Qxb6 23. Rxb6 Rc2 24. Nfd4 Ra2 25.
Nc3 Rxa3 26. Nd5 Rxe3 27. Nxe3 Bxd4 28. Rb5 Bxe3+ 29. Kh1 b6 30. Re1 Bc5 31. Rc1 Nb7 32.
h4 h5 33. Re1 Rd8 34. Kh2 Rd3 35. Rb2 Nd6 36. Rxe7 Nf5 37. Re8+ Kg7 38. g3 Rxg3 39. Re5 Rg4 40. Kh3 Rxh4+ 41. Kg2 Rxf4 42. Rd5 Ne3+ 0-1

[Event "*** MasterClass Titled Tuesday Blitz"]
[Site "Chess.com"]
[Date "2017.09.05"]
[Round "10"]
[White "swayamsm"]
[Black "Aariow"]
[Result "1-0"]
[WhiteElo "2519"]
[BlackElo "2362"]
[TimeControl "180+2"]
[EndTime "15:25:04 PDT"]
[Termination "swayamsm won by resignation"]

1. d4 d5 2. Nf3 Nf6 3. c4 c6 4.
Nc3 Bf5 5. Qb3 Qb6 6. c5 Qxb3 7. axb3 Ne4 8. b4 Na6 9. b5 Nb4 10. Nxe4 dxe4 11. Nh4 Nc2+ 12. Kd1 Nxa1 13. Nxf5 e6 14. Ng3 f5 15. bxc6 bxc6 16. Bf4 g5 17. Be5 Rg8 18.
Nh5 Kf7 19. e3 Nb3 20. Ba6 Bxc5 21. dxc5 Nxc5 22. Bc4 Rgd8+ 23. Kc2 Nd3 24. Bc3 Nxf2 25. Rf1 Ng4 26. Rxf5+ Kg6 27. Rf6+ Nxf6 28. Nxf6 Kf5 29. g4+ Kg6 30. Bxe6 Rf8 31. Bf5+ Kf7 32. Nxh7 Rfe8 33.
Nxg5+ Ke7 34. Nxe4 Kd8 35. Ba5+ Ke7 36. g5 Rh8 37. Bc7 Raf8 38. Bd6+ Ke8 39. Nf6+ Kf7 40. Bxf8 Rxh2+ 41. Kc3 Kxf8 42. e4 Rg2 43. g6 a5 44.
Nd7+ Kg7 45. Ne5 Rg3+ 46. Kc2 Rg2+ 47. Kb1 a4 48. Nxc6 Kf6 49. Ka2 Rf2 50. Ka3 Rc2 51.
Nd4 Rd2 52. Ne6 Rf2 53. g7 Kf7 54. Bh7 1-0

[Event "*** MasterClass Titled Tuesday Blitz"]
[Site "Chess.com"]
[Date "2017.09.05"]
[Round "10"]
[White "r31415"]
[Black "stefanodinn"]
[Result "0-1"]
[WhiteElo "2129"]
[BlackElo "2199"]
[TimeControl "180+2"]
[EndTime "15:25:04 PDT"]
[Termination "stefanodinn won by resignation"]

1. e4 c5 2. Nf3 Nc6 3. d4 cxd4 4. Nxd4 g6 5. c4 Nf6 6. Nc3 d6 7. Be2 Nxd4 8. Qxd4 Bg7 9. Be3 O-O 10. Qd2 Be6 11. f3 Qa5 12. Rc1 Rfc8 13. b3 a6 14. a4 Nd7 15. Bd4 Nc5 16. Bxg7 Kxg7 17. Qd4+ f6 18. Rb1 Qb4 19. Bd1 b5 20. O-O bxc4 21.
bxc4 Qxc4 22. Qxc4 Bxc4 23. Rf2 Rab8 24. Rfb2 Rxb2 25.
Rxb2 Kf7 26. Bc2 Rc7 27. Kf2 e6 28. Ke3 e5 29. Rb4 Be6 30. Rb6 Ke7 31. a5 Nd7 32.
Rxa6 Rxc3+ 33. Kd2 Ra3 34. Ra8 Nc5 35. Ra7+ Kd8 36. Rxh7 Rxa5 37. Rg7 g5 38. Rg6 Ke7 39. Rg7+ Bf7 40. g3 Kf8 41. Rh7 Kg8 42. Rh3 Ra2 43.
g4 Bb3 0-1

[Event "*** MasterClass Titled Tuesday Blitz"]
[Site "Chess.com"]
[Date "2017.09.05"]
[Round "10"]
[White "Tarlev_Konstantin"]
[Black "TrickyTrapChess"]
[Result "0-1"]
[WhiteElo "2579"]
[BlackElo "2341"]
[TimeControl "180+2"]
[EndTime "15:25:07 PDT"]
[Termination "TrickyTrapChess won by resignation"]

1. Nf3 Nf6 2. c4 c5 3. Nc3 Nc6 4. e3 e6 5. d4 d5 6. a3 a6 7. b3 cxd4 8. exd4 Be7 9. Be2 O-O 10.
O-O Ne4 11. Bb2 Nxc3 12. Bxc3 Bf6 13. c5 b6 14. b4 Bd7 15. Qd2 h6 16. Rfc1 g5 17.
cxb6 Qxb6 18. Ne5 Nxe5 19. dxe5 Bg7 20. Bd4 Qb7 21. Rc3 Rfc8 22. Rg3 Qc7 23. Qe3 Qc2 24. Bd3 Qc7 25. h4 Bb5 26. hxg5 h5 27. g6 Bxd3 28. Qxd3 a5 29. b5 Qc2 30. gxf7+ Kf8 31. Qe3 Rc7 32.
Rxg7 Kxg7 33. b6 Rxf7 34. Rc1 Qf5 35. Bc5 Rc8 36. Rf1 Qf4 37. b7 Rb8 38. Qh3 Qf5 39.
Qg3+ Kh7 40. Qc3 Rbxb7 41. Qxa5 Rg7 42. Qa4 Rxg2+ 43. Kxg2 Rg7+ 44. Kh2 Qg5 45. Qc2+ Kh8 0-1

[Event "*** MasterClass Titled Tuesday Blitz"]
[Site "Chess.com"]
[Date "2017.09.05"]
[Round "10"]
[White "AdrianaNikolova"]
[Black "Blitzking4444"]
[Result "0-1"]
[WhiteElo "2249"]
[BlackElo "2092"]
[TimeControl "180+2"]
[EndTime "15:25:09 PDT"]
[Termination "Blitzking4444 won by resignation"]

1. e4 e6 2. d4 d5 3. Nd2 Be7 4. Bd3 c5 5. dxc5 Nf6 6. Qe2 O-O 7. Ngf3 a5 8. O-O Na6 9. c3 Nxc5 10. Bc2 dxe4 11.
Ng5 Nd3 12. Ndxe4 Nxc1 13. Nxf6+ Bxf6 14. Bxh7+ Kh8 15. Nxf7+ Rxf7 16. Qh5 Ne2+ 17. Kh1 Nf4 18. Qxf7 Kxh7 19. g3 Qd5+ 20. f3 Nd3 21. c4 Qf5 22.
Rad1 Ne5 23. Qc7 Bd7 24. Qxb7 Bc6 25. Qb6 Bxf3+ 26. Kg1 Qh3 27. Qf2 Ng4 28. Qd2 Rf8 29. Rxf3 Bd4+ 30. Kh1 Rxf3 31. Qg2 Qxg2+ 32. Kxg2 Ne3+ 33.
Kxf3 Nxd1 34. Ke4 Bxb2 35. c5 Bf6 36. c6 Bd8 37. Ke5 a4 38. Kxe6 Ba5 39. Kd7 a3 40. Kc8 Nc3 41. Kb7 Nxa2 42. Ka6 Bd8 43. Kb5 Nc1 44. Kc4 a2 45. Kc3 a1=Q+ 46. Kc2 0-1

[Event "*** MasterClass Titled Tuesday Blitz"]
[Site "Chess.com"]
[Date "2017.09.05"]
[Round "10"]
[White "Jahonas"]
[Black "dolynachess"]
[Result "1-0"]
[WhiteElo "2233"]
[BlackElo "2373"]
[TimeControl "180+2"]
[EndTime "15:25:15 PDT"]
[Termination "Jahonas won by checkmate"]

1. d4 Nf6 2. Nf3 c5 3. dxc5 Na6 4. g3 Nxc5 5. Bg2 g6 6. O-O Bg7 7. Nc3 O-O 8. Bg5 Nfe4 9. Nxe4 Nxe4 10. c3 Nxg5 11. Nxg5 d6 12. Qb3 e6 13. h4 Qc7 14. Rad1 d5 15. e4 h6 16. Nh3 dxe4 17. Bxe4 e5 18. Kg2 Kh8 19. f3 f5 20. Bb1 Bd7 21. Ng5 e4 22. Ne6 Bxe6 23. Qxe6 Rae8 24.
Qxg6 e3 25. Bxf5 Rxf5 26. Qxe8+ Rf8 27. Qxe3 Rg8 28. Rd5 Qc6 29. Rfd1 Re8 30. Qf4 Rf8 31. Qg4 Qb6 32. Rd7 Qxb2+ 33. R1d2 Qxc3 34. Kh3 Rg8 35. R2d6 Qc1 36. Qg6 Qh1+ 37. Kg4 Qc1 38. Rxg7 Qc8+ 39.
Kh5 Rxg7 40. Qf6 Qe8+ 41. Kxh6 Qe3+ 42. f4 Qxg3 43. Rd8# 1-0

[Event "*** MasterClass Titled Tuesday Blitz"]
[Site "Chess.com"]
[Date "2017.09.05"]
[Round "10"]
[White "workhard91"]
[Black "NTBT_DHS"]
[Result "0-1"]
[WhiteElo "2290"]
[BlackElo "2498"]
[TimeControl "180+2"]
[EndTime "15:25:21 PDT"]
[Termination "NTBT_DHS won by checkmate"]

1. d4 Nf6 2. c4 g6 3. Nc3 Bg7 4. e4 O-O 5. f3 d6 6. Be3 c5 7. Nge2 Nc6 8. d5 Ne5 9. Ng3 h5 10. Be2 e6 11. O-O exd5 12. cxd5 a6 13. a4 h4 14. Nh1 Bd7 15. Nf2 b5 16. f4 Nc4 17. Bxc4 bxc4 18. e5 Nh5 19. Nfe4 dxe5 20. Bxc5 Nxf4 21. Bxf8 Bxf8 22. Kh1 f5 23. Nd2 Rc8 24. a5 Bd6 25. Nf3 e4 26. Nd4 Qg5 27. Qc2 Nd3 28. Ne6 Qf6 29. Nxe4 Qe5 30. Nxd6 Qxd6 31.
Qc3 Bxe6 32. dxe6 h3 33. Qf6 hxg2+ 34. Kxg2 Qd5+ 35. Kh3 Ne5 36. Rae1 Qd3+ 37. Kg2 Qd2+ 38. Kh1 Qxh2+ 39. Kxh2 Ng4+ 40. Kg3 Nxf6 41. Kf4 Kf8 42. Kg5 Kg7 43. e7 c3 44. bxc3 Nh7+ 45. Kf4 Rc4+ 46. Kf3 Rxc3+ 47. Kf2 Nf6 48. e8=Q Nxe8 49. Rxe8 Ra3 50.
Re5 Kf6 51. Rc5 g5 52. Rb1 g4 53.
Rb8 Kg5 54. Rg8+ Kf4 55. Rc4+ Ke5 56. Re8+ Kf6 57. Rc5 Ra2+ 58. Kg3 Ra3+ 59. Kg2 Ra2+ 60. Kf1 Ra1+ 61. Kf2 Ra2+ 62. Re2 Ra3 63. Rb2 Kg5 64. Kg2 g3 65. Rd2 Kg4 66. Rc8 f4 67. Rg8+ Kf5 68. Rf8+ Kg4 69. Rd4 Ra2+ 70. Kf1 Rf2+ 71. Ke1 Rf3 72. Rd6 Re3+ 73. Kf1 Kf3 74. Rdf6 g2+ 75. Kg1 Re1+ 76. Kh2 Rh1# 0-1

[Event "*** MasterClass Titled Tuesday Blitz"]
[Site "Chess.com"]
[Date "2017.09.05"]
[Round "10"]
[White "yurisolo"]
[Black "sergiochess83"]
[Result "0-1"]
[WhiteElo "2582"]
[BlackElo "2757"]
[TimeControl "180+2"]
[EndTime "15:25:22 PDT"]
[Termination "sergiochess83 won by resignation"]

1. e4 c5 2. Nf3 e6 3. d4 cxd4 4. Nxd4 Nc6 5. Nc3 d6 6. Be3 Nf6 7. f3 Be7 8. Qd2 O-O 9. O-O-O a6 10. g4 Nxd4 11. Bxd4 b5 12. g5 Nd7 13. h4 Qc7 14. h5 b4 15. Na4 Qa5 16. b3 Bxg5 17. f4 Bh6 18. Rg1 e5 19. Be3 exf4 20. Qxd6 Qxh5 21. Bd4 f3+ 22. Kb1 f2 23. Bxf2 g6 24. Bc4 Bg7 25. Bd5 Rb8 26. Ba7 Rb5 27. Rh1 Qe5 28.
Qxe5 Bxe5 29. Bc6 Nf6 30. Nb2 Bg4 31. Rd3 Bc3 32. Na4 Be5 33. Nb6 Bb8 34. Bxb5 Bxa7 35. Nd7 Bxd7 36. Bxd7 Nxe4 37. Rh4 Nc3+ 38. Kb2 Bc5 39.
Rc4 Be7 40. Rc7 Bf6 41. Kc1 Bg5+ 42. Kb2 Bf6 43. Kc1 Nxa2+ 44. Kd2 Nc3 45. Ra7 h5 46. Rxa6 Kg7 47. Rf3 Rd8 48. Rd3 Ne4+ 49. Ke3 Nc5 50. Ra7 Nxd3 51. cxd3 g5 52. d4 g4 53. Be6 Bxd4+ 0-1

[Event "*** MasterClass Titled Tuesday Blitz"]
[Site "Chess.com"]
[Date "2017.09.05"]
[Round "10"]
[White "Grebeniuk-S"]
[Black "Bengalas"]
[Result "1/2-1/2"]
[WhiteElo "2427"]
[BlackElo "2507"]
[TimeControl "180+2"]
[EndTime "15:25:43 PDT"]
[Termination "Game drawn by repetition"]

1. d4 Nf6 2. Nf3 e6 3. e3 b6 4. Bd3 Bb7 5. Nbd2 c5 6. O-O cxd4 7. exd4 d6 8. Re1 Nbd7 9. Qe2 Be7 10. c3 O-O 11. Ng5 Re8 12. Ndf3 Bf8 13. Ba6 Qc8 14. Bxb7 Qxb7 15. a4 a6 16. Bf4 h6 17. Ne4 Nxe4 18. Qxe4 Qxe4 19. Rxe4 b5 20. Ree1 Nb6 21. axb5 axb5 22.
Nd2 Nc4 23. Nxc4 bxc4 24. Kf1 Reb8 25. Rxa8 Rxa8 26. Ke2 Ra2 27. Rb1 d5 28. Kd2 f6 29.
Kc2 Kf7 30. Re1 g5 31. Bc1 Bd6 32. h3 h5 33. g4 Ra8 34. Be3 Kg6 35. Bd2 Kf7 36.
Be3 Kg6 37. Bd2 Kf7 38. Be3 Rh8 39. Ra1 hxg4 40. hxg4 Rh4 41. Ra7+ Be7 42. b3 cxb3+ 43. Kxb3 Rxg4 44. Bc1 Ke8 45. Ra8+ Kf7 46. Ra7 Kf8 47. Ra8+ Kf7 48. Ra7 Ke8 49. Ra8+ Bd8 50. Ba3 Rg2 51.
Bc5 Kd7 52. Ra7+ Ke8 53. Ra8 Kd7 54. Ra7+ Ke8 55. Ra8 Kd7 56. Ra7+ Ke8 57. Ra8 Kd7 58. Ra7+ Ke8 59. Ra8 1/2-1/2

[Event "*** MasterClass Titled Tuesday Blitz"]
[Site "Chess.com"]
[Date "2017.09.05"]
[Round "10"]
[White "cheese111"]
[Black "MartinMatthiesen"]
[Result "1/2-1/2"]
[WhiteElo "2335"]
[BlackElo "2326"]
[TimeControl "180+2"]
[EndTime "15:25:45 PDT"]
[Termination "Game drawn by agreement"]

1. e4 e5 2. Nf3 Nc6 3. Bc4 Bc5 4. O-O Nf6 5. d3 d6 6. c3 a6 7. Re1 Ba7 8. Bb3 h6 9. Nbd2 O-O 10. h3 Kh8 11. Nf1 Nh5 12. Be3 Qf6 13. d4 Nf4 14. Ng3 Na5 15. Bxf4 exf4 16. Nh5 Qd8 17. Nxf4 Nxb3 18.
axb3 c5 19. d5 Qf6 20. Qd2 Rd8 21. Nh5 Qg6 22. Nf4 Qf6 23. Rad1 b5 24. Nh5 Qg6 25.
Nf4 Qf6 26. c4 Bb8 27. Nd3 Bxh3 28. Qf4 Qxf4 29. Nxf4 Bg4 30. Rd3 Bc7 31. e5 bxc4 32. bxc4 Bxf3 33. exd6 Bxd6 34. Rxf3 Rdb8 35. b3 a5 36. Ra1 a4 37. bxa4 g5 38. Nh5 Rxa4 39.
Re1 Rxc4 40. Rxf7 Rf8 41. Rxf8+ Bxf8 42. Re6 Rd4 43. Nf6 c4 44. Rc6 Kg7 45. g3 Kf7 46.
Nh5 Rxd5 47. Rxc4 Kg6 48. g4 Bd6 49. Kg2 Rc5 1/2-1/2

[Event "*** MasterClass Titled Tuesday Blitz"]
[Site "Chess.com"]
[Date "2017.09.05"]
[Round "10"]
[White "MatthewG-p4p"]
[Black "Adham_Fawzy"]
[Result "1-0"]
[WhiteElo "2579"]
[BlackElo "2393"]
[TimeControl "180+2"]
[EndTime "15:25:47 PDT"]
[Termination "MatthewG-p4p won by resignation"]

1. f4 d5 2. Nf3 Nf6 3. g3 b6 4. Bg2 Bb7 5. O-O Nbd7 6. d3 e6 7. Nc3 c5 8. e4 dxe4 9. Ng5 Be7 10. dxe4 h6 11. Nh3 O-O 12. Qe2 a5 13. Rd1 Qc8 14. e5 Bxg2 15. Qxg2 Nh7 16. Nf2 c4 17. Be3 Nc5 18.
Nfe4 f5 19. Nd6 Qa6 20. Qc6 Bxd6 21. Rxd6 Rfc8 22. Qxb6 Qxb6 23. Rxb6 Nf8 24. Rd1 a4 25. a3 Ncd7 26. Rbd6 Rc7 27. Na2 Nc5 28. Bxc5 Rxc5 29. c3 g5 30. Kf2 Ra7 31. Nb4 Rg7 32. Rd8 gxf4 33. gxf4 Kf7 34. Ra8 Rg4 35. Ke3 Rc7 36.
Rxa4 Ng6 37. Rd4 Nh4 38. Na6 Ng2+ 39. Kf3 Nh4+ 40. Ke2 Rb7 41. Rb4 Ra7 42. Nc5 Rg2+ 43. Ke3 Rxh2 44. Rbxc4 Ng2+ 45. Kf3 Ne1+ 46. Ke3 Nc2+ 47.
Kd3 Nxd4 48. Rxd4 Rxb2 49. a4 h5 50. Kc4 h4 51. Rd8 h3 52. Rh8 h2 53. Nd3 Rd7 54. Nxb2 Rd2 55. Nd3 Kg6 56. a5 Ra2 57. Nb4 Rxa5 58. Rxh2 Ra1 59. Kd4 Rf1 60. Nd3 Rf3 61.
c4 Rf1 62. c5 Rb1 63. c6 Rb6 64. Kc5 Rb3 65. Nb4 Rc3+ 66. Kd6 Kf7 67. c7 Rc4 68.
Nc6 Kg6 69. c8=Q Re4 70. Qxe6+ 1-0